 Dungeon Crawl Stone Soup version 0.27-a0-679-g77a6b55cf3 (webtiles) character file.

Game seed: 11402051124329272562

175 Lanoc the Sneak (level 5, -5/46 HPs)
             Began as a Draconian Delver on Mar 18, 2021.
             Was a Follower of Elyvilon.
             Slain by a centaur (6 damage)
             ... on level 5 of the Dungeon.
             The game lasted 00:02:22 (1535 turns).

Lanoc the Sneak (Draconian Delver)                  Turns: 1535, Time: 00:02:22

Health: -5/46      AC:  5    Str: 14    XL:     5   Next: 29%
Magic:  5/5        EV: 12    Int: 10    God:    Elyvilon [*.....]
Gold:   75         SH:  0    Dex: 14    Spells: 3/4 levels left

rFire    . . .     SeeInvis .   a - +0 falchion
rCold    . . .     Faith    .   (no shield)
rNeg     . . .     Spirit   .   (armour unavailable)
rPois    .         Reflect  .   (helmet restricted)
rElec    .         Harm     .   (no cloak)
rCorr    .         Rampage  .   (no gloves)
Will     .....                  (no boots)
Stlth    +++.......             (no amulet)
HPRegen  0.15/turn              (no ring)
MPRegen  0.09/turn              (no ring)

@: marked
A: AC +5, unfitting armour, cold-blooded
a: Renounce Religion, Lesser Healing, Divine Protection


You were on level 5 of the Dungeon.
You worshipped Elyvilon.
Elyvilon was aware of your devotion.
You visited 2 branches of the dungeon, and saw 5 of its levels.

You collected 75 gold pieces.

Inventory:

Hand Weapons
 a - a +0 falchion (weapon)
Wands
 f - a wand of digging (3)
 h - a wand of acid (6)
Scrolls
 b - a scroll of fog
 c - a scroll of magic mapping
 d - a scroll of fear
Potions
 e - a potion of haste


   Skills:
 + Level 4.2 Fighting
 * Level 4.0 Long Blades
 + Level 2.8 Dodging
 - Level 4.5 Stealth
 + Level 1.2 Invocations


You had 3 spell levels left.
You knew the following spells:

 Your Spells              Type           Power      Damage    Failure   Level
a - Apportation           Tloc           0%         N/A       36%         1

Your spell library contained the following spells:

 Spells                   Type           Power      Damage    Failure   Level
 Animate Skeleton         Necr           0%         N/A       36%         1
 Corona                   Hex            0%         N/A       36%         1
 Summon Small Mammal      Summ           0%         N/A       36%         1


Dungeon Overview and Level Annotations

Branches:
Dungeon (7/15)             Temple (1/1) D:4

Altars:
Dithmenos
Elyvilon
Fedhas
Gozag
Hepliaklqana
Kikubaaqudgha
Makhleb
Nemelex Xobeh
Okawaru
Ru
Sif Muna
Trog
Uskayaw
Vehumet
Xom
The Shining One


Innate Abilities, Weirdness & Mutations

Your plain brown scales are hard. (AC +5)
You cannot fit into any form of body armour.
You are cold-blooded and may be slowed by cold attacks.


Message History

You tail-slap the centaur, but do no damage.
The centaur is heavily wounded.
The centaur misses you. The centaur hits you.
You barely miss the centaur.
The centaur is heavily wounded.
The centaur hits you. The centaur barely misses you.
You riposte.
You hit the centaur.
The centaur is severely wounded.
You are too injured to fight recklessly!
You are too injured to fight recklessly!
You hit the centaur.
The centaur is severely wounded.
The centaur hits you but does no damage.
You barely miss the centaur.
The centaur is severely wounded.
The centaur barely misses you. The centaur hits you.
You completely miss the centaur. You tail-slap the centaur.
The centaur is severely wounded.
A bullfrog skeleton comes into view.
The centaur closely misses you. The centaur hits you.
* * * LOW HITPOINT WARNING * * *
The bullfrog skeleton moves out of view.
You hit the centaur but do no damage.
The centaur is severely wounded.
The centaur hits you.
* * * LOW HITPOINT WARNING * * *
You barely miss the centaur.
The centaur is severely wounded.
The centaur hits you.
* * * LOW HITPOINT WARNING * * *
The centaur closely misses you.
You riposte.
You closely miss the centaur.
The centaur is severely wounded.
It was a potion of magic.
Magic courses through your body.
The centaur hits you but does no damage.
You hit the centaur but do no damage.
The centaur is severely wounded.
The centaur hits you!
* * * LOW HITPOINT WARNING * * *
The centaur hits you.
You die...

#........###.###...
#...#...## ##......
#........###..##.##
#.............##.#
#.......#........#
#............#.###
##Z......#......#
###.c########.#####
#....@>.# ###.###
#.#.###.# #.....#
#.#.###.# #.....#
#.#..##.# #.....#
#.##.##.# #.....#
#.##.##.# #.....#
#.......# #######
####.#### #.#


You could see a centaur and a bullfrog skeleton.

Vanquished Creatures
  A bullfrog (D:5)
  2 hounds (D:4)
  An iguana (D:4)
  An adder (D:4)
  2 shadow imps (D:5)
  An adder skeleton (D:5)
  2 frilled lizards
  A leopard gecko skeleton (D:5)
11 creatures vanquished.

Notes
Turn   | Place    | Note
-------+----------+-------------------------------------------
     0 | D:5      | Lanoc the Draconian Delver began the quest for the Orb.
     0 | D:5      | Reached XP level 1. HP: 19/19 MP: 1/1
    57 | D:5      | Reached XP level 2. HP: 3/26 MP: 2/2
   491 | D:5      | Noticed a centaur
   572 | D:4      | Reached XP level 3. HP: 10/33 MP: 3/3
   574 | D:4      | Learned a level 1 spell: Apportation
   832 | D:4      | Reached XP level 4. HP: 34/40 MP: 4/4
   951 | D:4      | Found a staircase to the Ecumenical Temple.
   958 | Temple   | Entered the Ecumenical Temple
  1088 | Temple   | Became a worshipper of Elyvilon the Healer
  1428 | D:4      | You fall into a shaft and drop 3 floors!
  1482 | D:6      | Found a sparkling altar of Nemelex Xobeh.
  1486 | D:6      | Noticed a bullfrog
  1503 | D:6      | Reached * piety under Elyvilon
  1515 | D:5      | Killed a bullfrog
  1516 | D:5      | Reached skill level 1 in Invocations
  1516 | D:5      | Reached XP level 5. HP: 26/46 MP: 5/5
  1535 | D:5      | HP: 1/46 [centaur (7)]
  1535 | D:5      | Slain by a centaur

Illustrated notes

Levels and vault maps discovered:
D:4:      layout_basic, minmay_temple_entry_wispy
D:5:      layout_loops_cross
D:6:      layout_cave_pods, basic_altar, uniq_menkaure
D:7:      layout_basic
Temple:   regret_index_temple_waves

Skill      XL: |  1  2  3  4 |
---------------+-------------+-----
Dodging        | 2 |  2.8
Long Blades    | 3 4 |  4.0
Fighting       | 4 |  4.2
Invocations    | 1 |  1.2
Stealth        | |  4.5

Action                   |  1- 3 |  4- 6 || total
-------------------------+-------+-------++-------
Melee: Falchion          |    53 |    32 ||    85
       Tailslap          |     3 |     5 ||     8
  Use: Scroll            |       |     2 ||     2
       Potion            |       |     1 ||     1
 Stab: Sleeping          |     3 |     1 ||     4
Armor: Skin              |    13 |     9 ||    22
Dodge: Dodged            |    41 |    31 ||    72
       Rpst.: Falchion   |     8 |    10 ||    18

Table legend: (Time is in decaauts)
 A = Elapsed time spent in this place.
 B = Non-inter-level travel time spent in this place.
 C = Inter-level travel time spent in this place.
 D = Time resting spent in this place.
 E = Time spent auto-exploring this place.
 F = Levels seen in this place.
 G = Mean time per level.
                   A        B        C        D        E       F      G
               +--------+--------+--------+--------+--------+-----+--------+
         Total |   1548 |   1510 |     38 |      4 |   1298 |   5 |  309.6 |
       Dungeon |   1397 |   1394 |      3 |      4 |   1185 |   4 |  349.2 |
        Temple |    150 |    115 |     35 |      0 |    113 |   1 |  150.0 |
               +--------+--------+--------+--------+--------+-----+--------+

Top non-repeatable levels by time:
     D:4: 789 daAuts
     D:5: 521 daAuts
  Temple: 150 daAuts
     D:7: 53 daAuts
     D:6: 32 daAuts
